 Dungeon Crawl Stone Soup version 0.27-b1-16-g6517624069 (webtiles) character file.

Game seed: 15572995280637417573

326 pikapanic the Chopper (level 6, -2/61 HPs)
             Began as a Troll Fighter on July 26, 2021.
             Was an Initiate of Ashenzari.
             Slain by an orc (4 damage)
             ... on level 4 of the Dungeon.
             The game lasted 00:16:47 (3083 turns).

pikapanic the Chopper (Troll Fighter)               Turns: 3083, Time: 00:16:47

Health: -2/61      AC:  4    Str: 27    XL:     6   Next: 24%
Magic:  5/5        EV:  8    Int:  4    God:    Ashenzari [......]
Gold:   123        SH:  9    Dex:  9    Spells: 5/5 levels left

rFire    . . .     SeeInvis .   a - +1 war axe
rCold    . . .     Faith    .   c - +0 kite shield
rNeg     . . .     Spirit   .   b - +0 robe "Yoke of the Mantic God" {Bglg, Cun} (curse)
rPois    .         Reflect  .   (helmet restricted)
rElec    .         Harm     .   (no cloak)
rCorr    .         Rampage  .   (gloves unavailable)
Will     .....                  (boots unavailable)
Stlth    +.........             (no amulet)
HPRegen  1.20/turn              (no ring)
MPRegen  0.09/turn              (no ring)

@: no status effects
A: large, unfitting armour, claws 3, regeneration 1, shaggy fur 1, tough skin 1
a: Renounce Religion, Curse Item, Shatter the Chains


You were on level 4 of the Dungeon.
You worshipped Ashenzari.
Ashenzari was noncommittal.
You visited 1 branch of the dungeon, and saw 4 of its levels.

You collected 123 gold pieces.

Inventory:

Hand Weapons
 a - a +1 war axe (weapon)
 d - a +0 scythe
 h - a +0 dagger
 k - a +0 dagger of freezing
 q - a +0 flail
Armour
 b - the cursed +0 robe "Yoke of the Mantic God" (worn) {Bglg, Cun}

   It has a curse which improves the following skills: Beguiling: Conjurations,
   Hexes and Translocations.
   Cunning:   Dodging and Stealth.
 c - a +0 kite shield (worn)
 f - a +0 chain mail
 j - a +0 pair of boots
 l - a +0 animal skin
 m - a +0 helmet
 r - a +0 scale mail
Scrolls
 g - a scroll of fog
 i - a scroll of enchant armour
 n - 3 scrolls of noise
 o - a scroll of amnesia
 t - a scroll of fear
Potions
 e - 2 potions of degeneration
 p - 3 potions of flight
 s - a potion of brilliance
 u - a potion of curing


   Skills:
 - Level 3.1 Fighting
 + Level 3.6 Axes
 - Level 3.5(4.0) Dodging
 - Level 0.7(1.0) Stealth
 - Level 3.2 Shields


You had 5 spell levels left.
You didn't know any spells.
Your spell library was empty.

Dungeon Overview and Level Annotations

Branches:
Dungeon (4/15)
 Temple: D:4-7

Altars:
Ashenzari
Hepliaklqana
Okawaru
Yredelemnul

Shops:
D:1 [


Innate Abilities, Weirdness & Mutations

You are too large for most types of armour.
You have claws for hands.
Your natural rate of healing is unusually fast.
You are covered in fur. (AC +1)
You have tough skin. (AC +1)


Message History

Something hits you.
The orc hits you from afar with a +1 trident of flaming.
The orc burns you. The orc hits you with a +0 mace.
The orc priest hits you but does no damage.
The orc hits you with a +0 whip.
Ashenzari invites you to partake of a vision and a curse of beguiling and alchemy.
You bump into the rock wall.
The orc hits you but does no damage. Something hits you but does no damage.
The orc hits you from afar with a +1 trident of flaming.
The orc burns you.
The orc priest hits you but does no damage.
The orc hits you but does no damage.
You bump into the rock wall.
The orc closely misses you. Something hits you but does no damage.
The orc hits you from afar with a +1 trident of flaming.
The orc burns you. The orc closely misses you.
The orc hits you but does no damage. The orc priest hits you with a +0 club.
You bump into the rock wall.
The orc hits you from afar with a +0 trident.
* * * LOW HITPOINT WARNING * * *
Something hits you but does no damage.
The orc hits you from afar with a +1 trident of flaming.
* * * LOW HITPOINT WARNING * * *
The orc burns you.
* * * LOW HITPOINT WARNING * * *
The orc priest hits you but does no damage.
The orc closely misses you.
You are too confused!
Unknown command.
You are too confused!
You barely miss the orc priest.
The orc priest is almost dead.
You completely miss something. You closely miss the orc.
You barely miss the orc.
You feel less confused.
The orc hits you from afar with a +0 trident!
* * * LOW HITPOINT WARNING * * *
You block something's attack.
The orc hits you from afar with a +1 trident of flaming.
You die...

#.#.###..........#
..# #.#.#
#..#...###.# .#
..#.###..#...###.#
.
.....##..#.......#
.....##..##+####.#
.....##..# #.#
.....##..# #)#
.....##..#
#o#######
.....##..#
#@oo.....
..†..##...
#{o......
.....+...#
#..o....:
.....#....
#........
#!.......$
#........
#.........
#........
#.........
#........
#.........
#########
#.........


You could see an orc priest and 4 orcs.

Vanquished Creatures
  Sigmund (D:3)
  An orc wizard (D:4)
  Terence (D:3)
  Robin (D:2)
  A howler monkey skeleton (D:4)
  3 adders (D:3)
  2 worms
  An orc (D:3)
  2 ball pythons (D:1)
  5 endoplasms
  5 giant cockroaches
  14 goblins
  9 hobgoblins
  3 jackals (D:3)
  A quokka (D:4)
  5 bats (D:1)
  4 frilled lizards
  3 kobolds
  2 rats
64 creatures vanquished.

Vanquished Creatures (others)
  A fungus (D:1)
  6 plants (D:3)
7 creatures vanquished.

Grand Total: 71 creatures vanquished

Notes
Turn   | Place    | Note
-------+----------+-------------------------------------------
     0 | D:1      | pikapanic the Troll Fighter began the quest for the Orb.
     0 | D:1      | Reached XP level 1. HP: 22/22 MP: 0/0
   223 | D:1      | Found a faded altar of an unknown god.
   237 | D:1      | Became a worshipper of Ashenzari the Shackled
   318 | D:1      | Reached XP level 2. HP: 29/29 MP: 1/1
   467 | D:1      | Found Kezoley's Antique Armour Shop.
  1049 | D:2      | Noticed Robin
  1060 | D:2      | Reached XP level 3. HP: 36/36 MP: 2/2
  1090 | D:2      | Killed Robin
  1667 | D:2      | Found a basalt altar of Yredelemnul.
  1991 | D:3      | Reached XP level 4. HP: 44/44 MP: 3/3
  2095 | D:3      | Found a hazy altar of Hepliaklqana.
  2166 | D:3      | Noticed Terence
  2177 | D:3      | Killed Terence
  2401 | D:3      | Found an iron altar of Okawaru.
  2544 | D:3      | Noticed Sigmund
  2751 | D:3      | Killed Sigmund
  2752 | D:3      | Reached XP level 5. HP: 28/53 MP: 4/4
  2752 | D:3      | Reached XP level 6. HP: 32/61 MP: 5/5
  3083 | D:4      | HP: 2/61 [orc (7)]
  3083 | D:4      | Slain by an orc

Illustrated notes

Levels and vault maps discovered:
D:1:      tarquinn_simple_flora_water_f, layout_loops_ring,
          shapermc_ecumenical_altar_starsandcircs, serial_glass,
          glass_columns_a, glass_columns_a, glass_columns_c, glass_columns_a,
          glass_columns_c, glass_columns_a, glass_columns_a, glass_columns_c,
          glass_columns_a, glass_columns_c, glass_columns_b, glass_columns_c,
          glass_columns_b, glass_columns_b, serial_shops, shop, minmay_vboxes
D:2:      layout_loops_corners, basic_altar, uniq_robin
D:3:      layout_basic, okawaru_gym_becter, nicolae_hepliaklqana_hazy_memory,
          kennysheep_doodads, kennysheep_generic_room_15, uniq_sigmund,
          uniq_terence
D:4:      layout_basic, mainiacjoe_overflow_24_doors

Skill      XL: |  1  2  3  4 |
---------------+-------------+-----
Axes           | 2 3 |  3.6
Shields        | 3 |  3.2
Fighting       | 3 |  3.1
Dodging        | 3 |  3.5
Stealth        | |  0.7

Action                   |  1- 3 |  4- 6 || total
-------------------------+-------+-------++-------
Melee: War axe           |   149 |    83 ||   232
Invok: Curse Item        |     1 |       ||     1
  Use: Potion            |     1 |     1 ||     2
       Scroll            |       |     3 ||     3
Armor: Robe              |    71 |    43 ||   114
Dodge: Dodged            |    67 |    49 ||   116
Block: Kite shield       |   103 |    37 ||   140
